 Dungeon Crawl Stone Soup version 0.18-a0-775-g4d9e04e (webtiles) character file.

3240 JokEr the Grappler (level 9, 0/90 HPs)
             Began as a Ghoul Monk on Dec 13, 2015.
             Was a Follower of Ru.
             Slain by a blink frog (13 damage)
             ... on level 1 of the Lair of Beasts.
             The game lasted 00:29:26 (13617 turns).

JokEr the Grappler (Ghoul Monk)                    Turns: 13617, Time: 00:29:26

Health: 0/90       AC:  8    Str: 19    XL:     9   Next: 99%
Magic:  8/8        EV: 10    Int:  5    God:    Ru [*.....]
Gold:   247        SH:  0    Dex: 11    Spells: 0 memorised, 8 levels left

rFire  . . .     SeeInvis .       - Unarmed
rCold  + . .     Clarity  .     e - +1 scale mail
rNeg   + + +     SustAt   .     (no shield)
rPois  ∞         Gourm    .     k - +0 helmet
rElec  .         Spirit   .     (no cloak)
rCorr  .         Dismiss  .     (no gloves)
rMut   .         Stasis   .     (no boots)
MR     +....                    (no amulet)
Stlth  +++.......               m - +1 ring of slaying
                                a - ring of protection from magic

@: very slightly contaminated, rotting, hasted, very quick, somewhat resistant
to hostile enchantments, fairly stealthy
A: rotting body, claws 1, carnivore 3, cold resistance 1, negative energy
resistance 3, slow regeneration 1, torment resistance, unbreathing,
inexperienced 1
a: Renounce Religion


You were on level 1 of the Lair of Beasts.
You worshipped Ru.
Ru was aware of your devotion.
You were not hungry.

You visited 3 branches of the dungeon, and saw 12 of its levels.
You also visited: Ossuary.

You collected 247 gold pieces.

Inventory:

Armour
 e - a +1 scale mail (worn)
 k - a +0 helmet (worn)
Jewellery
 a - a ring of protection from magic (left claw)
 d - a +3 ring of intelligence {unknown}
 l - an uncursed ring of magical power
 m - a +1 ring of slaying (right claw)
 q - an uncursed ring of fire
 E - a +3 ring of strength {unknown}
Wands
 C - a wand of fire (8)
Scrolls
 n - 6 scrolls of remove curse
 r - 8 scrolls of teleportation
 v - 2 scrolls of enchant armour
 w - a scroll of torment
 y - a scroll of blinking
 B - a scroll of magic mapping
 G - a scroll of silence {unknown}
 H - a scroll of identify
Potions
 c - 2 potions of berserk rage {unknown}
 f - 2 potions of magic {unknown}
 g - 2 potions of flight {unknown}
 h - a potion of haste
 j - 3 potions of brilliance {unknown}
 o - 4 potions of lignification {unknown}
 p - a potion of curing
 s - 3 potions of poison {unknown}
 u - a potion of resistance {unknown}
 x - 3 potions of heal wounds {unknown}
 z - 2 potions of might {unknown}
 A - 5 potions of agility {unknown}
 F - a potion of ambrosia {unknown}
 I - a potion of mutation {unknown}
Books
 t - a book of Death

   Spells                             Type                      Level
   a - Corpse Rot                     Necromancy                   2
   b - Sublimation of Blood           Necromancy                   2
   c - Agony                          Necromancy                   5
   d - Dispel Undead                  Necromancy                   5
   e - Excruciating Wounds            Charms/Necromancy            5
   f - Bolt of Draining               Conjuration/Necromancy       5
Comestibles
 b - 6 meat rations
 i - 2 beef jerkies


   Skills:
 + Level 11.9 Fighting
 + Level 0.3 Armour
 - Level 2.6 Dodging
 - Level 8.9 Stealth
 + Level 12.3 Unarmed Combat


You had 8 spell levels left.
You didn't know any spells.

Dungeon Overview and Level Annotations

Branches:
Dungeon (10/15)            Temple (1/1) D:6            Lair (1/8) D:8
    Orc (0/2) D:10

Altars:
Ashenzari
Cheibriados
Dithmenos
Elyvilon
Fedhas
Gozag
Kikubaaqudgha
Makhleb
Nemelex Xobeh
Okawaru
Pakellas
Qazlal
Ru
Sif Muna
Trog
Vehumet
Xom
Yredelemnul
Zin
The Shining One

Shops:
D:4 [   D:5 %[(=   D:8 [

Annotations:
D:3 Edmund
D:8 Maurice


Innate Abilities, Weirdness & Mutations

Your body is rotting away.
You thrive on raw meat.
You are immune to poison.
You have sharp fingernails.
You are carnivorous and can eat meat at any time.
Your flesh is cold resistant.
You are immune to negative energy.
You regenerate slowly when monsters are visible.
You are immune to unholy pain and torment.
You can survive without breathing.
You are somewhat inexperienced (-2 XL).


Message History

The blink frog blinks!
The blink frog closely misses you. The blink frog hits you!
* * * LOW HITPOINT WARNING * * *
Drink which item? (? for menu, Esc to quit)
You feel better. The blink frog barely misses you.
Drink which item? (? for menu, Esc to quit)
You feel yourself speed up.
The blink frog hits you but does no damage.
The blink frog hits you.
* * * LOW HITPOINT WARNING * * *
The blink frog blinks!
You are very lightly contaminated with residual magic.
The blink frog begins to attack, but is stunned by your will!
The blink frog blinks!
The blink frog is stunned by your will and fails to attack.
The blink frog blinks!
The blink frog blinks!
Drink which item? (? for menu, Esc to quit)
You feel better. The blink frog hits you!
You die...

...§§P###.####.....###
..§§.##..§## ###P#...#####
..§§.......# ####..#....# ##
#.§§§.#...#####.#.#.....########.
...§§§...§.......##.#.........##.
#####.###............#.#...#..#..
### #.........F..............
#.....§.F..........#.....
##.##..F@.........#####..
#####.###...##...## ##. ###
###..####.# ## #### ###


You could see 3 blink frogs.

Vanquished Creatures
  Pikel (D:8)
  The ghost of Scarn the Charmwright, a novice MfSk of Okawaru (D:6)
  Joseph (D:8)
  Psyche (D:8)
  A centaur skeleton (D:10)
  A two-headed ogre (D:9)
  Grinder (D:4)
  Sigmund (D:3)
  Eustachio (D:4)
  A wyvern (D:9)
  Menkaure (D:6)
  An ice beast (D:5)
  3 water moccasins
  2 orc warriors
  2 black bears
  A phantom (D:7)
  2 sky beasts (D:9)
  5 ogres
  4 centaurs
  A wasp (D:9)
  A crocodile (Lair:1)
  2 big kobolds (D:8)
  Blork the orc (D:5)
  A gnoll sergeant (D:7)
  5 giant frogs
  12 killer bees
  A scorpion (D:6)
  6 wights
  5 crimson imps
  An orc priest (D:7)
  A centaur zombie (D:7)
  2 hounds
  A jelly (D:5)
  Natasha (twice) (D:3)
  Ijyb (D:3)
  3 orc wizards
  2 iguanas
  A killer bee zombie (D:9)
  Terence (D:3)
  6 worker ants
  A hound zombie (D:6)
  12 mummies (Ossuary)
  3 hound skeletons
  Robin (D:3)
  12 gnolls
  13 adders
  2 shadow imps
  An adder zombie (D:9)
  An adder skeleton (D:4)
  5 giant geckos
  20 orcs
  A ball python (D:4)
  11 bats
  7 giant cockroaches
  10 goblins
  14 hobgoblins
  4 jackals (D:9)
  13 kobolds
  3 quokkas
  A giant gecko skeleton (D:4)
  3 giant newts
  2 gnoll skeletons (Ossuary)
  3 kobold skeletons (Ossuary)
  2 orc skeletons (Ossuary)
  9 rats
  11 rat skeletons (Ossuary)
252 creatures vanquished.

Vanquished Creatures (others)
  A hippogriff (D:8)
  3 slaves (D:8)
  A big kobold (D:8)
  A giant frog (D:8)
  A hound (D:8)
  An orc priest (D:9)
  A jelly (D:8)
  An iguana (D:8)
  An adder skeleton (D:8)
  An orc (D:10)
  A kobold (D:8)
  A kobold skeleton (Ossuary)
14 creatures vanquished.

Grand Total: 266 creatures vanquished

Notes
Turn   | Place    | Note
--------------------------------------------------------------
     0 | D:1      | JokEr the Ghoul Monk began the quest for the Orb.
     0 | D:1      | Reached XP level 1. HP: 19/19 MP: 0/0
   352 | D:1      | Reached XP level 2. HP: 26/26 MP: 1/1
   891 | D:2      | Reached XP level 3. HP: 33/33 MP: 2/2
  1202 | D:2      | Reached XP level 4. HP: 32/40 MP: 3/3
  1385 | D:2      | Found a faded altar to an unknown god.
  1430 | D:2      | Reached skill level 5 in Unarmed Combat
  1793 | D:3      | Noticed Terence
  1811 | D:3      | Killed Terence
  1868 | D:3      | Found a glowing golden altar of the Shining One.
  1869 | D:3      | Noticed Sigmund
  1880 | D:3      | Killed Sigmund
  1880 | D:3      | Reached skill level 5 in Fighting
  1880 | D:3      | Reached XP level 5. HP: 40/47 MP: 4/4
  1880 | D:3      | Reached XP level 6. HP: 46/55 MP: 5/5
  1894 | D:3      | Found a glowing silver altar of Zin.
  1895 | D:3      | Found a white marble altar of Elyvilon.
  1945 | D:3      | Noticed Robin
  1954 | D:3      | Killed Robin
  2162 | D:3      | Found an iron altar of Okawaru.
  2162 | D:3      | Noticed Natasha
  2167 | D:3      | Killed Natasha
  2167 | D:3      | Reached skill level 6 in Unarmed Combat
  2234 | D:3      | Noticed Ijyb
  2244 | D:3      | Killed Ijyb
  2411 | D:3      | Noticed Natasha
  2425 | D:3      | Killed Natasha
  3118 | D:4      | Noticed Eustachio
  3205 | D:4      | Killed Eustachio
  3205 | D:4      | Reached XP level 7. HP: 8/59 MP: 6/6
  3467 | D:4      | Noticed Edmund
  3817 | D:4      | Noticed Grinder
  3826 | D:4      | Killed Grinder
  3826 | D:4      | Reached skill level 7 in Unarmed Combat
  3983 | D:4      | Found Oceot's Antique Armour Boutique.
  4302 | D:5      | Entered Level 5 of the Dungeon
  4309 | D:5      | Found Madys's Antique Weapon Emporium.
  4452 | D:5      | Found Gaunleys's Food Shoppe.
  4764 | D:5      | Reached XP level 8. HP: 69/72 MP: 7/7
  4778 | D:5      | Found Otout's Armour Boutique.
  4819 | D:5      | Noticed Blork the orc
  4827 | D:5      | Killed Blork the orc
  4827 | D:5      | Reached skill level 8 in Unarmed Combat
  4893 | D:5      | Found a sand-covered staircase.
  4927 | Ossuary  | Entered an ossuary
  5732 | D:5      | Found a sparkling altar of Nemelex Xobeh.
  5799 | D:5      | Found Zuirphem's Jewellery Emporium.
  6001 | D:6      | Reached skill level 9 in Unarmed Combat
  6202 | D:6      | Found a staircase to the Ecumenical Temple.
  6236 | Temple   | Entered the Ecumenical Temple
  6476 | Temple   | Became a worshipper of Ru the Awakened
  6738 | D:6      | Noticed Menkaure
  6747 | D:6      | Killed Menkaure
  6747 | D:6      | Reached XP level 9. HP: 45/78 MP: 8/8
  6951 | D:6      | Noticed Scarn's ghost (novice MfSk)
  6993 | D:6      | Killed Scarn's ghost
  6993 | D:6      | Reached skill level 10 in Unarmed Combat
  7848 | D:7      | Reached skill level 10 in Fighting
  7946 | D:7      | Reached skill level 5 in Stealth
  8937 | D:8      | Found Xuyfyll's Armour Shop.
  8939 | D:8      | Noticed Psyche
  8946 | D:8      | Killed Psyche
  8946 | D:8      | Reached skill level 11 in Unarmed Combat
  8946 | D:8      | Reached XP level 10. HP: 90/92 MP: 9/9
  9241 | D:8      | Noticed Pikel
  9253 | D:8      | Killed Pikel
  9294 | D:8      | Noticed Joseph
  9325 | D:8      | Killed Joseph
  9366 | D:8      | Noticed Maurice
  9758 | D:8      | Found a staircase to the Lair.
 10965 | D:9      | Gained mutation: You are somewhat inexperienced (-2 XL). [Ru sacrifice]
 10965 | D:9      | Reached XP level 9. HP: 89/89 MP: 8/8
 10965 | D:9      | Reached XP level 8. HP: 82/82 MP: 7/7
 10965 | D:9      | Reached * piety under Ru
 11232 | D:9      | Reached XP level 9. HP: 37/89 MP: 8/8
 11655 | D:9      | Reached skill level 12 in Unarmed Combat
 11934 | D:9      | Found a burning altar of Makhleb.
 12074 | D:10     | Entered Level 10 of the Dungeon
 12141 | D:10     | Found a staircase to the Orcish Mines.
 12542 | D:10     | Noticed a centaur skeleton
 12550 | D:10     | Killed a centaur skeleton
 13232 | Lair:1   | Entered Level 1 of the Lair of Beasts
 13617 | Lair:1   | Slain by a blink frog

Vault maps used:
D:1:      eino_arrival_water_star, wad_floor_pattern_1
D:2:      ecumenical_altar_1, first_bread
D:3:      good_gods_mini_temple, lemuel_round_altar, uniq_terence, uniq_robin,
          uniq_iyjb, uniq_sigmund, uniq_natasha
D:4:      serial_shops, nicolae_shop_overgrown_old_shop, uniq_edmund,
          uniq_grinder, uniq_eustachio
D:5:      nemelex_deck, serial_shops, shop, kennysheep_mini, shop,
          nicolae_shop_waterfront, enter_ossuary_1,
          kennysheep_decorative_pillar, dk_noncrumbling_4, uniq_blork_the_orc
D:6:      minmay_temple_entry_glass, kennysheep_nondescript, uniq_menkaure
D:8:      lair_0_dummy, serial_shops, nicolae_shop_stone, uniq_pikel,
          uniq_psyche, uniq_maurice, uniq_joseph
D:9:      makhleb_heckhound_becter
D:10:     david_orc_2
Temple:   chambers_temple_14
Lair:1:   grunt_forest_small_clearing_treed
Ossuary:  ossuary_due_small_catacomb

Action                   |  1- 3 |  4- 6 |  7- 9 | 10-12 || total
-------------------------+-------+-------+-------+-------++-------
Melee: Unarmed           |   107 |   250 |   622 |   170 ||  1149
Invok: Sacrifice Experie |       |       |     1 |       ||     1
       Reject Sacrifices |       |       |     1 |       ||     1
  Use: Scroll            |     2 |     7 |    14 |       ||    23
       Potion            |       |       |     5 |     2 ||     7
 Stab: Sleeping          |       |     1 |     7 |       ||     8
       Distracted        |       |       |     1 |     1 ||     2
  Eat: Chunk             |    12 |    16 |    60 |    31 ||   119
       Meat ration       |       |       |     1 |       ||     1
       Pizza             |       |       |     1 |       ||     1
